Map: Coda EC

Players

Groundnpound

  • Race: Terran Terran
  • League: Grandmaster

AgCl - Winner!

  • Race: Protoss Protoss
  • League: Grandmaster

VOD

Have the link to the VOD?

Description

Time

  • Played on: June 9, 2015, 11:05 p.m.
  • Length: 9:33
Show
View Real Time Build Order
Export as new Build Order

Groundnpound Terran 

Build Orders:  

Get SALT Encoding   

  12  0:01  SCV  
  13  0:13  SCV  
  14  0:19  Supply Depot  
  14  0:25  Refinery  
  14  0:29  SCV  
  15  0:45  Barracks  
  15  0:57  Barracks  
  15  1:13  SCV  
  16  1:28  SCV  
  17  1:36  Reaper  
  17  1:37  Supply Depot  
  18  1:44  Reaper  
  19  1:55  Orbital Command  
  19  2:05  Supply Depot  
  19  2:08  Reaper  
  20  2:16  Reaper  
  21  2:40  Reaper  
  20  2:47  SCV  
  20  2:48  Reaper  
  22  2:51  Refinery  
  22  3:09  Command Center  
  22  3:11  SCV  
  22  3:12  Reaper  
  23  3:39  Marine  
  24  3:43  SCV  
  24  3:44  Marine  
  26  3:50  Factory  
  26  3:52  Supply Depot  
  26  3:56  Marine  
  26  4:02  Marine  
  28  4:14  Marine  
  29  4:20  Marine  
  30  4:26  Orbital Command  
  30  4:28  SCV  
  31  4:35  Starport  
  31  4:39  Marine x2  
  31  4:40  SCV  
  31  4:41  Factory Tech Lab  
  34  4:46  Engineering Bay  
  34  4:52  SCV  
  34  4:57  Marine x2  
  29  5:14  Marine  
  29  5:15  Marine  
  21  5:29  Viking  
  21  5:32  Marine x2  
  24  5:37  Siege Tank  
  25  5:43  SCV  
  25  5:45  SCV  
  27  5:50  Marine x2  
  29  5:59  Viking  
  31  6:08  Marine x2  
  32  6:26  Marine x2  
  32  6:38  Siege Tank  
  33  6:44  Marine x2  
  26  7:01  Marine x2  
  24  7:19  Marine x2  
  24  7:21  SCV x2  
  28  7:33  SCV x2  
  30  7:37  Marine x2  
  32  7:45  SCV x2  
  32  7:46  Factory Tech Lab  
  32  7:50  Medivac  
  36  7:55  Marine x2  
  36  7:57  SCV x2  
  40  8:03  Refinery  
  40  8:06  Refinery  
  40  8:09  SCV x2  
  42  8:21  SCV x2  
  42  8:26  Marine x2  
  46  8:34  Siege Tank  
  49  8:36  Medivac  
  49  8:40  SCV  
  49  8:41  SCV  
  53  8:44  Marine  
  54  8:49  Supply Depot  
  54  8:52  Supply Depot  
  54  8:53  Command Center, Supply Depot  
  54  8:57  Supply Depot  
  54  9:09  Marine  
  54  9:10  SCV  
  54  9:11  SCV, Marine  
Show
View Real Time Build Order
Export as new Build Order

AgCl Protoss - Winner!

Build Orders: Oracle Opening 

Get SALT Encoding   

  12  0:01  Probe  
  13  0:14  Probe  
  14  0:27  Pylon  
  14  0:45  Probe  
  15  0:50  Assimilator  
  15  0:51  Pylon  
  15  0:52  Gateway  
  15  0:58  Probe  
  16  1:10  Probe  
  17  1:22  Probe  
  18  1:34  Probe  
  19  1:46  Cybernetics Core, Zealot (Chrono Boost)  
  21  1:50  Probe  
  22  2:02  Probe  
  22  2:03  Assimilator  
  22  2:06  Gateway  
  23  2:14  Probe  
  24  2:23  Adept  
  24  2:25  Warp Gate  
  24  2:26  Probe  
  27  2:38  Probe  
  28  2:50  Probe (Chrono Boost)  
  28  2:51  Stargate  
  29  3:01  Probe (Chrono Boost)  
  28  3:08  Mothership Core  
  30  3:17  Nexus  
  30  3:40  Pylon  
  28  3:45  Pylon  
  28  3:55  Gateway  
  28  3:57  Adept  
  28  3:58  Adept, Oracle (Chrono Boost)  
  28  3:59  Assimilator  
  32  4:31  Oracle (Chrono Boost)  
  32  4:33  Probe (Chrono Boost)  
  32  4:37  Probe (Chrono Boost)  
  34  4:42  Probe (Chrono Boost)  
  35  4:51  Probe  
  36  4:56  Probe  
  37  5:03  Probe  
  36  5:10  Probe  
  37  5:19  Probe  
  38  5:27  Pylon  
  36  5:34  Probe  
  37  5:38  Probe  
  38  5:46  Probe (Chrono Boost)  
  38  5:49  Assimilator  
  39  5:50  Adept  
  39  5:51  Adept  
  39  5:52  Probe (Chrono Boost)  
  39  5:55  Pylon  
  44  5:58  Probe (Chrono Boost)  
  44  6:02  Fleet Beacon  
  46  6:07  Probe x2 (Chrono Boost)  
  47  6:13  Adept x2  
  47  6:16  Probe (Chrono Boost)  
  50  6:20  Probe (Chrono Boost)  
  50  6:28  Probe (Chrono Boost)  
  48  6:35  Adept x2  
  47  6:42  Probe (Chrono Boost)  
  47  6:43  Probe (Chrono Boost)  
  48  6:50  Probe (Chrono Boost), Carrier (Chrono Boost)  
  49  6:55  Adept x2  
  47  7:14  Graviton Catapult (Chrono Boost)  
  47  7:15  Probe (Chrono Boost)  
  53  7:21  Probe (Chrono Boost)  
  48  7:25  Probe (Chrono Boost), Adept  
  48  7:29  Probe (Chrono Boost)  
  50  7:33  Probe (Chrono Boost)  
  51  7:37  Forge  
  51  7:39  Probe (Chrono Boost)  
  51  7:42  Protoss Air Weapons Level 1 (Chrono Boost)  
  54  7:44  Mothership Core (Chrono Boost)  
  54  7:47  Probe (Chrono Boost), Carrier (Chrono Boost)  
  56  7:59  Probe (Chrono Boost)  
  56  8:02  Probe (Chrono Boost)  
  63  8:08  Probe (Chrono Boost)  
  64  8:13  Adept  
  64  8:15  Probe (Chrono Boost)  
  64  8:17  Probe (Chrono Boost)  
  68  8:25  Robotics Facility  
  68  8:27  Nexus  
  68  8:31  Probe (Chrono Boost)  
  68  8:32  Probe  
  68  8:45  Pylon  
  68  9:03  Probe x2  
  70  9:28  Pylon  
Tags
 
Add a new tag
Caveats
  • Supply blocks, unpowered buildings, or Contaminate may cause inaccurate times.
  • Supply counts are checked every 10 seconds.